 Dungeon Crawl Stone Soup version 0.22-a0-246-gdc04c06 (webtiles) character file.

9 Amnesiac the Charlatan (level 2, 0/14 HPs)
             Began as a Spriggan Artificer on Feb 22, 2018.
             Succumbed to an adder's poison
             ... on level 3 of the Dungeon.
             The game lasted 00:01:11 (142 turns).

Amnesiac the Charlatan (Spriggan Artificer)          Turns: 142, Time: 00:01:12

Health: 0/14       AC:  2    Str:  8    XL:     2   Next: 3%
Magic:  6/6        EV: 18    Int: 12    God:
Gold:   12         SH:  0    Dex: 16    Spells: 1/1 levels left

rFire    . . .     SeeInvis +   a - +0 short sword
rCold    . . .     Gourm    .   (shield restricted)
rNeg     . . .     Faith    .   b - +0 robe
rPois    .         Spirit   .   (helmet restricted)
rElec    .         Reflect  .   (no cloak)
rCorr    .         Harm     .   (gloves unavailable)
MR       .....                  (boots unavailable)
Stlth    ++........             (no amulet)
HPRegen  0.04/turn              j - ring of wizardry
MPRegen  0.10/turn              (no ring)

@: lethally poisoned (0 -> -4), very quick
A: very small, unfitting armour, see invisible, herbivore, speed 3, slow
metabolism 2
a: no special abilities


You were on level 3 of the Dungeon.
You were not hungry.

You visited 1 branch of the dungeon, and saw 3 of its levels.

You collected 12 gold pieces.

Inventory:

Hand Weapons
 a - a +0 short sword (weapon)
 k - a +0 dagger
Missiles
 g - 20 sling bullets
 i - 38 stones (quivered)
Armour
 b - a +0 robe (worn)
Jewellery
 j - a ring of wizardry (left hand)
Wands
 c - a wand of flame (13)
 d - a wand of enslavement (15)
 e - a wand of random effects (15)
Scrolls
 h - a scroll of immolation {!r, unknown}
 l - a scroll of remove curse {!r, unknown}
Comestibles
 f - a ration


   Skills:
 + Level 1.0 Fighting
 + Level 1.4 Short Blades
 + Level 3.2 Dodging
 + Level 1.9 Stealth
 * Level 4.2 Evocations


You had one spell level left.
You didn't know any spells.

Dungeon Overview and Level Annotations

Branches:
Dungeon (3/15)

Altars:
Uskayaw


Innate Abilities, Weirdness & Mutations

You are very small and have problems with some larger weapons.
You are too small for most types of armour.
You have supernaturally acute eyesight. (SInv)
You are a herbivore.
You cover ground extremely quickly.
You need consume almost no food.


Message History

The bat misses you. The bat barely misses you. The bat misses you.
Found a scroll labeled MYUWKU TOAWK.
You see here a dagger.
k - a dagger The bat barely misses you.
The bat closely misses you. The bat misses you.
There are no items here.
The bat barely misses you.
You see here 12 gold pieces.
You now have 12 gold pieces.
The bat closely misses you. The bat completely misses you. The bat hits you.
A hobgoblin comes into view.
The bat barely misses you.
A hobgoblin comes into view. It is wielding a club.
The bat hits you.
An adder comes into view.
The bat hits you but does no damage.
Found an escape hatch in the floor.
Found a stone staircase leading down.
You see here a scroll labeled MYUWKU TOAWK {!r}.
l - a scroll labeled MYUWKU TOAWK {!r} The hobgoblin shouts!
The bat hits you but does no damage. The hobgoblin closely misses you.
The bat misses you. The adder barely misses you. The bat hits you.
The adder closely misses you. The bat hits you.
There is a stone staircase leading down here.
The bat closely misses you. The adder misses you.
You climb downwards.
You hear the sound of rushing water.
There is an entrance to a sewer on this level.
Hurry and find it before the portal rusts away!
There is a stone staircase leading up here.
Evoke which item? (* to show all) (? for menu, Esc to quit)
Aiming: Throw Flame
Press: ? - help, Shift-Dir - straight line, f - adder
Aim: an adder The puff of flame hits the adder.
The adder is severely wounded.
The adder bites you.
* * * LOW HITPOINT WARNING * * *
You are lethally poisoned!
The adder poisons you!
Evoke which item? (* to show all) (? for menu, Esc to quit)
Aiming: Throw Flame
Press: ? - help, Shift-Dir - straight line, f/p - adder
Aim: an adder (severely wounded)
The puff of flame hits the adder.
You kill the adder!
Your Fighting skill increases to level 1!
You have reached level 2!
* * * LOW HITPOINT WARNING * * *
You feel sick.
You aren't carrying any potions.
Okay, then.
There is a stone staircase leading up here.
Okay, then.
* * * LOW HITPOINT WARNING * * *
You feel sick.
* * * LOW HITPOINT WARNING * * *
You feel sick.
You die...

#..# #..# ###..# #....
.## #.#.# ...######.#.##
.......##....#########.#
................@.......
...........#.#####.###.#
######.##..#.# #
#........###
##.##.###...#
##...##....#.# .....#
.#....# ##...# .#....#
##### .# ..


There were no monsters in sight!

Vanquished Creatures
  An adder (D:3)
1 creature vanquished.

Notes
Turn   | Place    | Note
-------+----------+-------------------------------------------
     0 | D:1      | Amnesiac the Spriggan Artificer began the quest for the Orb.
     0 | D:1      | Reached XP level 1. HP: 9/9 MP: 4/4
    70 | D:2      | Noticed a dagger
    70 | D:2      | Noticed a hand axe
    82 | D:2      | Found a hide-covered altar of Uskayaw.
   123 | D:3      | Reached skill level 1 in Fighting
   123 | D:3      | Reached XP level 2. HP: 3/14 MP: 6/6
   142 | D:3      | Succumbed to an adder's poison

Vault maps used:
D:1:      tarquinn_simple_flora_water_b, minmay_rat_gold_closets
D:2:      lemuel_doored_altar, gammafunk_temple_overflow_forgotten,
          dancing_weapons_uskayaw, kennysheep_generic_room_15
D:3:      xom_teletrap_fun, portal_sewer_entry_d, st_stairs_6,
          hangedman_decor_clover_reticule

Skill      XL: |  1 |
---------------+----+-----
Fighting       | 1 |  1.0
Short Blades   | |  1.4
Dodging        | |  3.2
Stealth        | |  1.9
Evocations     | |  4.2

Action                   || total
-------------------------++-------
Melee: Short sword       ||     2
Evoke: Wand              ||     2
Armor: Robe              ||     3
Dodge: Dodged            ||    17

Table legend:
 A = Spawn XP
 B = Non-spawn XP
 C = Spawn XP percentage of total XP
 D = Spawn monster count
 E = Non-spawn monster count
 F = Spawn count percentage of total count
 G = Total turns spent on level
                    A         B        C        D         E        F      G
               +---------+---------+-------+---------+---------+-------+---------
         Total |       0 |      13 |   0.0 |       0 |       1 |   0.0 |   142
               +---------+---------+-------+---------+---------+-------+---------
           D:3 |       0 |      13 |   0.0 |       0 |       1 |   0.0 |    22
               +---------+---------+-------+---------+---------+-------+---------
